 Dungeon Crawl Stone Soup version 0.29-a0-994-gc5c9f59d18 (webtiles) character file.

Game seed: 17188597865367034293

9636 vurker the Fighter (level 11, -29/107 HPs)
             Began as a Minotaur Enchanter on Aug 3, 2022.
             Was an Elder of Ignis.
             Annihilated by a white ugly thing (50 damage)
             ... on level 14 of the Dungeon.
             The game lasted 00:18:42 (12443 turns).

vurker the Fighter (Minotaur Enchanter)            Turns: 12443, Time: 00:18:43

Health: -29/107    AC: 17    Str: 17    XL:     11   Next: 25%
Magic:  0/12       EV: 12    Int: 12    God:    Ignis [****..]
Gold:   469        SH:  7    Dex: 11    Spells: 12/12 levels left

rFire   + + +      SeeInvis .   a - +2 broad axe (vorpal)
rCold   x . .      Faith    .   J - +2 buckler
rNeg    . . .      Spirit   +   K - +1 fire dragon scales
rPois   +          Reflect  .   l - +2 hat {Stlth+}
rElec   .          Harm     .   e - +0 cloak
rCorr   .          Rampage  .   y - +0 pair of gloves
Will    .....                   (no boots)
Stlth   +.........              s - amulet of guardian spirit
HPRegen 0.27/turn               k - +4 ring of slaying
MPRegen 0.13/turn               A - ring of poison resistance

@: about to teleport
A: horns 2, retaliatory headbutt
a: Renounce Religion, Fiery Armour, Foxfire Swarm, Rising Flame


You were on level 14 of the Dungeon.
You worshipped Ignis.
Ignis was greatly pleased with you.
You visited 1 branch of the dungeon, and saw 12 of its levels.
You also visited: Ossuary and Bailey.

You collected 739 gold pieces.
You spent 270 gold pieces at shops.

Inventory:

Hand Weapons
 a - a +2 vorpal broad axe (weapon)
   (You took it off Urug on level 11 of the Dungeon)
 b - the +12 short sword of the Lame Duck {venom, rF+ rC+ Int+2}
   (You found it on level 5 of the Dungeon)

   It poisons the flesh of those it strikes.
   Int:       It affects your intelligence (+2).
   rF:        It protects you from fire.
   rC:        It protects you from cold.
Armour
 e - a +0 cloak (worn)
   (You found it on level 3 of the Dungeon)
 l - a +2 hat of stealth (worn)
   (You found it on level 2 of the Dungeon)
 x - a +2 scale mail of fire resistance
   (You found it on level 14 of the Dungeon)
 y - a +0 pair of gloves (worn)
   (You bought it in a shop on level 10 of the Dungeon)
 J - a +2 buckler (worn)
   (You found it on level 9 of the Dungeon)
 K - +1 fire dragon scales (worn)
   (You found it in a bailey)
Jewellery
 k - a +4 ring of slaying (left hand)
   (You found it on level 2 of the Dungeon)
 s - an amulet of guardian spirit (around neck)
   (You found it on level 4 of the Dungeon)
 A - a ring of poison resistance (right hand)
   (You found it on level 7 of the Dungeon)
 D - a ring of protection from fire
   (You found it on level 9 of the Dungeon)
 F - a ring of see invisible
   (You found it in an ossuary)
Wands
 t - a wand of flame (5)
   (You found it on level 3 of the Dungeon)
 u - a wand of polymorph (2)
   (You found it on level 5 of the Dungeon)
 G - a wand of charming (4)
   (You found it on level 8 of the Dungeon)
Scrolls
 g - 4 scrolls of blinking
 h - a scroll of silence
 i - a scroll of enchant armour
 o - 7 scrolls of teleportation
 H - 2 scrolls of fear
Potions
 c - 3 potions of invisibility
 d - 2 potions of ambrosia {unknown}
 f - 8 potions of curing
 j - a potion of heal wounds {unknown}
 m - 2 potions of attraction {unknown}
 n - 5 potions of lignification
 p - a potion of resistance
 q - 2 potions of haste {unknown}
 r - 3 potions of might
 v - 2 potions of flight
 w - a potion of cancellation {unknown}
 z - 2 potions of brilliance
 B - a potion of degeneration {unknown}
 C - 3 potions of magic
 E - 3 potions of mutation {unknown}


   Skills:
 * Level 13.5 Fighting
 - Level 1.1 Short Blades
 + Level 1.6 Axes
 + Level 9.7 Armour
 + Level 9.2 Dodging
 - Level 2.4 Stealth
 + Level 8.1 Shields
 - Level 1.3 Spellcasting
 - Level 2.0 Hexes


You had 12 spell levels left.
You didn't know any spells.
Your spell library contained the following spells:

 Spells                   Type           Power      Damage    Failure   Level
 Sandblast                Erth           0%         2d4       77%         1
 Ensorcelled Hibernation  Hex/Ice        6%         N/A       77%         2
 Confusing Touch          Hex            5%         N/A       85%         3
 Tukima's Dance           Hex            5%         N/A       85%         3
 Passwall                 Tmut/Erth      0%         N/A       88%         2
 Dazzling Flash           Conj/Hex       6%         N/A       94%         3
 Portal Projectile        Hex/Tloc       6%         N/A       94%         3
 Ignite Poison            Fire/Tmut/Pois 0%         N/A       98%         3
 Mephitic Cloud           Conj/Pois/Air  0%         N/A       98%         3
 Stone Arrow              Conj/Erth      0%         3d7       98%         3
 Blade Hands              Tmut           0%         N/A       100%        5
 Freezing Cloud           Conj/Ice/Air   0%         6-21      100%        5
 Summon Forest            Summ/Tloc      0%         N/A       100%        5
 Eringya's Noxious Bog    Tmut/Pois      0%         N/A       100%        6
 Summon Hydra             Summ           0%         N/A       100%        7


Dungeon Overview and Level Annotations

Branches:
Dungeon (11/15)            Temple (0/1) D:4            Lair (0/5) D:8
Ossuary (visited)          Bailey (visited)
    Orc: D:9-12

Altars:
Ashenzari
Dithmenos
Gozag
Hepliaklqana
Kikubaaqudgha
Qazlal
Ru
Uskayaw
Vehumet
Wu Jian
Xom
Yredelemnul
Ignis

Shops:
D:3 *   D:7 (   D:9 ?[   D:10 [

Annotations:
D:8 1 runed translucent door


Innate Abilities, Weirdness & Mutations

You have a pair of horns on your head.
You reflexively headbutt those who attack you in melee.


Message History

The cyclops throws a large rock.
The large rock hits you.
You hit the cyclops.
The cyclops hits you but does no damage.
You slash the cyclops! The cyclops hits you!!
You slash the cyclops! You headbutt the cyclops! The cyclops barely misses you.
You slash the cyclops! The cyclops hits you!
You hit the cyclops.
You kill the cyclops!
No target in view!
You see here a +2 scale mail of fire resistance.
x - a +2 scale mail of fire resistance You start resting.
You open the door.
There is an open door here.
You open the door.
Found a scroll of enchant armour.
There is an open door here. 6 slime creatures come into view.
The slime creature quivers. x2
The slime creature hits you.
There is an open door here.
You close the door.
Found 5 stones.
There is an open door here.
You close the door.
Found a long smoking staff.
Found a stone staircase leading down.
A skeletal warrior comes into view. It is wielding a +0 hand axe.
A skeletal warrior comes into view.
It is wielding a +0 glaive. 2 white ugly things come into view.
The white ugly thing gurgles horribly! x2
A white ugly thing comes into view.
The white ugly thing gurgles horribly!
You hear a horrible gurgling sound!
A white ugly thing comes into view.
The white ugly thing basks in the mutagenic energy from its kin and changes!
As you read the scroll of teleportation, it crumbles to dust.
You feel strangely unstable.
The white ugly thing pecks you but does no damage.
The white ugly thing attacks as you move away!
The white ugly thing pecks you! The white ugly thing freezes you!!
You feel a terrible chill!
The red ugly thing basks in the mutagenic energy from its kin and changes!
The white ugly thing pecks you! The white ugly thing freezes you!!
You feel a terrible chill!
* * * LOW HITPOINT WARNING * * *
Unknown command.
The white ugly thing pecks you.
* * * LOW HITPOINT WARNING * * *
The white ugly thing freezes you!!!
You feel a terrible chill!
You die...

##########
#@u....uuu
#z########
#.#
#z#####
#.....#
######z#
#########
.#....#.#
....JJ...
........#
..JJ..JJ.
.#......#


You could see 3 ugly things and 2 skeletal warriors.

Vanquished Creatures
  A fire dragon (D:8)
  An anaconda (D:14)
  A two-headed ogre (D:10)
  An orc knight (Bailey)
  A cyclops (D:14)
  A manticore (D:11)
  Joseph (D:7)
  A troll (D:10)
  A hornet (D:9)
  A vampire (D:11)
  4 yaks (D:8)
  Menkaure (D:4)
  An acid dragon (D:9)
  Duvessa (D:7)
  A water moccasin (D:6)
  An ice beast (D:6)
  A sky beast (D:7)
  A black bear (D:8)
  9 orc warriors
  An ogre (D:6)
  4 centaurs
  A phantom (D:5)
  A gnoll sergeant (D:6)
  A bullfrog (D:9)
  12 scorpions
  Dowan (D:7)
  3 wights (D:10)
  7 killer bees
  An electric eel (D:9)
  A howler monkey (D:11)
  2 centaur zombies (Ossuary)
  2 human zombies (Ossuary)
  5 jellies
  4 orc priests
  A gnoll bouda (D:9)
  A hound (D:6)
  2 iguanas
  A human skeleton (D:8)
  6 orc wizards
  2 scorpion zombies (Ossuary)
  3 mummies (Ossuary)
  6 adders
  7 gnolls
  An ufetubus (D:5)
  2 dart slugs
  41 orcs
  8 bats
  6 endoplasms
  6 giant cockroaches
  5 goblins
  10 hobgoblins
  2 jackals (D:4)
  5 kobolds
  3 quokkas
  6 ball pythons
  3 frilled lizards
  3 gnoll zombies (Ossuary)
  3 goblin zombies (Ossuary)
  A hobgoblin zombie (Ossuary)
  2 kobold zombies (Ossuary)
  4 orc zombies (Ossuary)
  7 rats
223 creatures vanquished.

Vanquished Creatures (collateral kills)
  Urug (D:11)
  2 orc warriors (Bailey)
3 creatures vanquished.

Vanquished Creatures (others)
  A manticore (D:11)
  21 foxfires (D:14)
22 creatures vanquished.

Grand Total: 248 creatures vanquished

Notes
Turn   | Place    | Note
-------+----------+-------------------------------------------
     0 | D:1      | vurker the Minotaur Enchanter began the quest for the Orb.
     0 | D:1      | Reached XP level 1. HP: 14/14 MP: 1/1
   109 | D:1      | Reached skill level 1 in Fighting
   332 | D:1      | Reached skill level 2 in Fighting
   333 | D:1      | Reached XP level 2. HP: 24/24 MP: 3/3
   493 | D:1      | Found a faded altar of an unknown god.
   508 | D:1      | Prayed at the altar of an unknown god.
   508 | D:1      | Became a worshipper of Ignis, the Dying Flame
   577 | D:1      | Reached skill level 3 in Fighting
   884 | D:1      | Reached XP level 3. HP: 31/31 MP: 4/4
  2115 | D:3      | Reached skill level 4 in Fighting
  2150 | D:3      | Found a hide-covered altar of Uskayaw.
  2467 | D:3      | Reached XP level 4. HP: 41/41 MP: 5/5
  2882 | D:3      | Found a hazy altar of Hepliaklqana.
  2883 | D:3      | Found a sacrificial altar of Ru.
  2884 | D:3      | Found a radiant altar of Vehumet.
  2884 | D:3      | Found a shimmering altar of Xom.
  2917 | D:3      | Found Yrischiz's Assorted Antiques.
  2925 | D:3      | Bought a scroll of teleportation for 48 gold pieces
  2925 | D:3      | Bought a scroll labelled ZOTOAT ZOIC for 16 gold pieces
  2925 | D:3      | Bought a smoky cyan potion for 14 gold pieces
  3043 | D:3      | Reached skill level 5 in Fighting
  3331 | D:4      | Reached XP level 5. HP: 39/48 MP: 6/6
  3335 | D:4      | Reached skill level 1 in Armour
  3478 | D:4      | Found a shadowy altar of Dithmenos.
  3707 | D:4      | Noticed Menkaure
  3715 | D:4      | Killed Menkaure
  3716 | D:4      | Reached skill level 6 in Fighting
  3716 | D:4      | Reached XP level 6. HP: 50/57 MP: 7/7
  3875 | D:4      | Found a staircase to the Ecumenical Temple.
  4027 | D:4      | Found an opulent altar of Gozag.
  4402 | D:5      | Entered Level 5 of the Dungeon
  4528 | D:5      | Identified the +12 short sword of the Lame Duck {venom, rF+
                  | rC+ Int+2}
  4574 | D:5      | Reached XP level 7. HP: 64/64 MP: 8/8
  4660 | D:5      | Reached skill level 7 in Fighting
  5115 | D:6      | Reached skill level 5 in Dodging
  5119 | D:6      | Reached skill level 5 in Armour
  5262 | D:6      | Reached XP level 8. HP: 64/74 MP: 9/9
  5388 | D:6      | Reached skill level 8 in Fighting
  5388 | D:6      | Reached skill level 1 in Shields
  5752 | D:7      | Found Inurch's Antique Weapon Emporium.
  5867 | D:7      | Noticed Duvessa
  5867 | D:7      | Noticed Dowan
  5885 | D:7      | Killed Duvessa
  5898 | D:7      | Killed Dowan
  6194 | D:7      | Found a stormy altar of Qazlal.
  6218 | D:7      | Noticed Joseph
  6230 | D:7      | Killed Joseph
  6231 | D:7      | Reached skill level 9 in Fighting
  6670 | D:8      | Reached XP level 9. HP: 61/84 MP: 8/10
  6958 | D:8      | Found a sand-covered staircase.
  6963 | Ossuary  | Entered an ossuary
  7075 | Ossuary  | Reached skill level 10 in Fighting
  7576 | D:8      | Found a runed translucent door.
  7589 | D:8      | Reached skill level 5 in Shields
  7600 | D:8      | Reached skill level 11 in Fighting
  7669 | D:8      | Found an ornate altar of the Wu Jian Council.
  7762 | D:8      | Found a staircase to the Lair.
  7781 | D:8      | Noticed a fire dragon
  7795 | D:8      | Killed a fire dragon
  7796 | D:8      | Reached XP level 10. HP: 43/96 MP: 4/11
  8048 | D:8      | Found a basalt altar of Yredelemnul.
  8493 | D:9      | Found an ancient bone altar of Kikubaaqudgha.
  8733 | D:9      | Found Gosipoit's Magic Scroll Emporium.
  8741 | D:9      | Bought a scroll of teleportation for 30 gold pieces
  9467 | D:9      | Found Yroorchuq's Antique Armour Boutique.
  9808 | D:10     | Entered Level 10 of the Dungeon
  9811 | D:10     | Noticed a two-headed ogre
  9820 | D:10     | Killed a two-headed ogre
  9821 | D:10     | Reached skill level 12 in Fighting
 10007 | D:10     | Found a broken altar of Ashenzari.
 10007 | D:10     | Found Neledoag's Antique Armour Emporium.
 10013 | D:10     | Bought a pair of gloves for 162 gold pieces
 10101 | D:10     | Found a flagged portal.
 10169 | Bailey   | Entered a bailey
 10329 | Bailey   | Noticed an orc knight
 10348 | Bailey   | Killed an orc knight
 10442 | Bailey   | Identified the +3 short sword of Vengeance {chaos, Int+3}
 10461 | Bailey   | Identified the +1 helmet of Vananuw {Int+4}
 10660 | Bailey   | Reached skill level 13 in Fighting
 11404 | D:11     | Noticed a manticore
 11406 | D:11     | Noticed Urug
 11408 | D:11     | Noticed a manticore
 11419 | D:11     | Killed Urug
 11420 | D:11     | Reached XP level 11. HP: 86/107 MP: 9/12
 11936 | D:11     | You fall into a shaft and drop 3 floors!
 11959 | D:14     | Noticed a red ugly thing
 11992 | D:14     | Noticed a six-headed hydra
 11997 | D:14     | Noticed an anaconda
 11997 | D:14     | a six-headed hydra changed into an anaconda
 12009 | D:14     | Killed an anaconda
 12010 | D:14     | Reached skill level 1 in Axes
 12419 | D:14     | Noticed a skeletal warrior
 12420 | D:14     | Noticed a skeletal warrior
 12439 | D:14     | Noticed a white ugly thing
 12439 | D:14     | Noticed a white ugly thing
 12440 | D:14     | Noticed a white ugly thing
 12440 | D:14     | Noticed a white ugly thing
 12443 | D:14     | Annihilated by a white ugly thing

Illustrated notes

Levels and vault maps discovered:
D:1:      lightli_arrival_maybe_door_vault, layout_basic,
          nicolae_ecumenical_snake_handling
D:2:      layout_basic
D:3:      layout_basic, nicolae_uskayaw_suspiria,
          chequers_temple_overflow_statue_of_worship, serial_shops, shop
D:4:      layout_basic, grunt_dithmenos_smoke_and_mirrors, marbit_many_paths,
          minmay_temple_entry_ruins, serial_co_window_serial,
          co_window_corner_a, co_window_paths_b, co_window_corner_a,
          co_window_paths_a, co_window_corner_a, co_window_paths_b,
          co_window_corner_b, co_window_corner_b, co_window_2corner,
          co_window_of_opportunity_c, co_window_paths_e, glass_columns_c,
          glass_columns_a, glass_columns_b, glass_columns_a, uniq_menkaure
D:5:      layout_cave_pools, chequers_avenue
D:6:      layout_rooms
D:7:      layout_cave_pools, grunt_qazlal_sundering, serial_shops, shop,
          uniq_joseph, uniq_duvessa
D:8:      layout_basic, dk_yredelemnul_ordeal, nzn_wu_jian_contemplation,
          minmay_lair_entry_lava, enter_ossuary_2
D:9:      layout_basic, nicolae_kikubaaqudgha_miasma_corner, serial_shops, shop,
          kennysheep_diamond
D:10:     layout_long_grid, kennysheep_mini_moat, serial_shops, shop,
          enter_bailey_8, minmay_misc_feat_pillars
D:11:     nzn_winding_woodlands_small [nzn_winding_woodlands_5x15_longhouse,
          nzn_winding_woodlands_center_lodge,
          nzn_winding_woodlands_5x15_default], layout_layer_cave, enter_trove_1,
          uniq_psyche, uniq_urug
D:14:     layout_basic, david_vaults_3

Skill      XL: |  1  2  3  4  5  6  7  8  9 10 11 |
---------------+----------------------------------+-----
Fighting       | 2 3 4 5 6 7 9 11 13 | 13.5
Armour         | 2 3 5 6 8 9 |  9.7
Dodging        | 3 4 5 6 7 9 |  9.2
Shields        | 3 5 7 8 |  8.1
Axes           | 1 |  1.6
Short Blades   | |  1.1
Stealth        | |  2.4
Spellcasting   | |  1.3
Hexes          | |  2.0

Action                   |  1- 3 |  4- 6 |  7- 9 | 10-12 || total
-------------------------+-------+-------+-------+-------++-------
Melee: Dagger            |    79 |    87 |       |       ||   166
       Headbutt          |    11 |    11 |    41 |    31 ||    94
       Punch             |       |     1 |       |       ||     1
       Short sword       |       |     1 |   199 |   153 ||   353
       Broad axe         |       |       |       |    24 ||    24
Invok: Foxfire Swarm     |       |       |       |     2 ||     2
Evoke: Wand              |       |       |     2 |    15 ||    17
  Use: Scroll            |     7 |     2 |     7 |     3 ||    19
       Potion            |       |       |     1 |       ||     1
 Stab: Sleeping          |     9 |     6 |       |       ||    15
Armor: Robe              |    25 |     8 |       |       ||    33
       Scale mail        |       |    14 |    96 |       ||   110
       Fire dragon scale |       |       |       |   111 ||   111
Dodge: Dodged            |    52 |    31 |   107 |   138 ||   328
Block: Buckler           |       |       |    36 |    84 ||   120

Table legend: (Time is in decaauts)
 A = Elapsed time spent in this place.
 B = Non-inter-level travel time spent in this place.
 C = Inter-level travel time spent in this place.
 D = Time resting spent in this place.
 E = Time spent auto-exploring this place.
 F = Levels seen in this place.
 G = Mean time per level.
                   A        B        C        D        E       F      G
               +--------+--------+--------+--------+--------+-----+--------+
         Total |  12480 |  12084 |    396 |    116 |   9874 |  14 |  891.4 |
       Dungeon |  11318 |  10922 |    396 |    116 |   9157 |  12 |  943.2 |
       Ossuary |    562 |    562 |      0 |      0 |    344 |   1 |  562.0 |
        Bailey |    600 |    600 |      0 |      0 |    372 |   1 |  600.0 |
               +--------+--------+--------+--------+--------+-----+--------+

Top non-repeatable levels by time:
     D:1: 1364 daAuts
     D:9: 1327 daAuts
     D:8: 1301 daAuts
     D:4: 1171 daAuts
     D:3: 1117 daAuts
    D:10: 912 daAuts
     D:7: 880 daAuts
     D:6: 773 daAuts
     D:2: 737 daAuts
    D:11: 638 daAuts
  Bailey: 600 daAuts
     D:5: 577 daAuts
 Ossuary: 562 daAuts
    D:14: 513 daAuts
